 Dungeon Crawl Stone Soup version 0.29.1-2-gbd0b4ee654 (webtiles) character file.

Game seed: 14296993045032094911

0 NinjaNoafa the Caller (level 1, -2/7 HPs)
             Began as a Felid Summoner on Nov 24, 2022.
             Slain by a jackal (3 damage)
             ... on level 1 of the Dungeon.
             The game lasted 00:04:07 (45 turns).

NinjaNoafa the Caller (Felid Summoner)                Turns: 45, Time: 00:04:07

Health: -2/7       AC:  1    Str:  4    XL:     1   Next: 0%
Magic:  1/4        EV: 17    Int: 16    God:
Gold:   0          SH:  0    Dex: 16    Spells: 3/4 levels left
                                        Lives:  0   Deaths: 0

rFire   . . .      SeeInvis +   (weapon unavailable)
rCold   . . .      Faith    .   (shield unavailable)
rNeg    . . .      Spirit   .   (body armour unavailable)
rPois   .          Reflect  .   (helmet unavailable)
rElec   .          Harm     .   (cloak unavailable)
rCorr   .          Rampage  .   (gloves unavailable)
Will    .....                   (boots unavailable)
Stlth   ++........              (no amulet)
HPRegen 0.02/turn               (no ring)
MPRegen 0.09/turn               (no ring)

@: quick
A: very small, claws 1, fangs 3, see invisible, speed 1, shaggy fur 1, stealthy
paws, no weapons or thrown items, no armour, multi-lived
a: no special abilities


You were on level 1 of the Dungeon.
You visited 1 branch of the dungeon, and saw 1 of its levels.

You aren't carrying anything.


   Skills:
 - Level 2.6 Dodging
 - Level 2.6 Stealth
 + Level 2.0 Spellcasting
 + Level 4.0 Summonings


You had 3 spell levels left.
You knew the following spells:

 Your Spells              Type           Power      Damage    Failure   Level
a - Summon Small Mammal   Summ           56%        N/A       4%          1

Your spell library contained the following spells:

 Spells                   Type           Power      Damage    Failure   Level
 Call Imp                 Summ           14%        N/A       6%          2
 Call Canine Familiar     Summ           14%        N/A       12%         3
 Summon Guardian Golem    Hex/Summ       8%         N/A       26%         3
 Summon Lightning Spire   Summ/Air       8%         N/A       65%         4


Dungeon Overview and Level Annotations

Branches:
Dungeon (1/15)

Altars:


Innate Abilities, Weirdness & Mutations

You have sharp claws.
You have razor-sharp teeth.
You have supernaturally acute eyesight. (SInv)
You cover ground quickly. (Speed+)
You are covered in fur. (AC +1)
Your paws help you pounce on unaware monsters.
You are incapable of wielding weapons or throwing items.
You cannot wear armour.
You gain extra lives every three experience levels.


Message History

The jackal bites something.
Casting: Summon Small Mammal (safe; 4% risk of failure)
Confirm with . or Enter, or press ? or * to list all spells.
Nothing appears to happen.
Your bat closely misses the jackal.
Your bat barely misses the jackal.
The jackal closely misses you. Something completely misses your bat.
The jackal bites something.
The jackal barely misses you. Something closely misses your bat.
Casting: Summon Small Mammal (safe; 4% risk of failure)
Confirm with . or Enter, or press ? or * to list all spells.
Nothing appears to happen.
Your bat hits the jackal but does no damage.
The jackal bites something.
The jackal closely misses you. Something bites your bat.
Casting: Summon Small Mammal (safe; 4% risk of failure)
Confirm with . or Enter, or press ? or * to list all spells.
Nothing appears to happen.
Your bat barely misses the jackal.
Your bat misses the jackal.
The jackal bites something.
The jackal closely misses you. Something barely misses your bat.
The jackal bites something.
You barely miss the jackal. You bite the jackal, but do no damage.
A nearby plant withers and dies.
The jackal barely misses you.
Your bat barely misses the jackal.
Something misses your bat.
The jackal bites something.
Your bat barely misses the jackal.
Your bat hits the plant.
The plant begins to die.
Something closely misses your bat. The jackal misses you.
You closely miss the jackal. Your bat hits the jackal.
Your bat hits the jackal but does no damage.
The jackal closely misses you. Something bites your bat.
You scratch the jackal but do no damage.
Your bat hits the jackal but does no damage.
The jackal completely misses you. Something bites your bat.
Your bat dies!
Your bat's corpse disappears in a puff of smoke!
Something closely misses your bat. The jackal barely misses you.
You scratch the jackal but do no damage.
Your bat hits the jackal. Something bites your bat.
Your bat dies!
Your bat's corpse disappears in a puff of smoke!
The jackal bites you.
You die...

#... #...
#...############
#...#.+....♣P#P##
#.....#~~~..♣.#.♣
#.....##~8..§§h♣#
#.....#~~~..♣.#@♣
#.....'....♣P#P##
#.....##########
#######


You could see a jackal.

Vanquished Creatures (others)
  2 plants (D:1)
2 creatures vanquished.

Notes
Turn   | Place    | Note
-------+----------+-------------------------------------------
     0 | D:1      | NinjaNoafa the Felid Summoner began the quest for the Orb.
     0 | D:1      | Reached XP level 1. HP: 7/7 MP: 4/4
    45 | D:1      | Slain by a jackal

Illustrated notes

Levels and vault maps discovered:
D:1:      tarquinn_simple_flora_water_d, layout_basic,
          hellmonk_ecumenical_altar_crossroads, minmay_misc_feat_alley,
          minivault_25

Action                   || total
-------------------------++-------
Melee: Unarmed           ||     5
       Bite              ||     1
 Cast: Summon Small Mamm ||     6
  Use: Potion            ||     1
Armor: Skin              ||     1
Dodge: Dodged            ||    21
